 Dungeon Crawl Stone Soup version 0.31-a0-1009-g454b1f1e0a (webtiles) character file.

Game seed: 8380474133075515302

25 Malachi the Shooter (level 2, -5/22 HPs)
             Began as a Demonspawn Hunter on Nov 14, 2023.
             Slain by Sigmund
             ... wielding a +5 scythe of venom
              (15 damage)
             ... on level 2 of the Dungeon.
             The game lasted 00:01:08 (818 turns).

Malachi the Shooter (Demonspawn Hunter)              Turns: 818, Time: 00:01:09

Health: -5/22      AC:  3    Str: 11    XL:     2   Next: 86%
Magic:  2/2        EV: 11    Int: 10    God:
Gold:   53         SH:  4    Dex: 16    Spells: 1/1 levels left

rFire   . . .        a - +0 shortbow
rCold   . . .        (shield currently unavailable)
rNeg    . . .        c - +0 leather armour
rPois   .            (no helmet)
rElec   .            (no cloak)
rCorr   .            (no gloves)
SInv    .            (no boots)
Will    .....        (no amulet)
Stlth   +            (no ring)
HPRegen 0.23/turn    (no ring)
MPRegen 0.08/turn

%: no passive effects
@: no status effects
A: large bone plates 1
a: no special abilities


You were on level 2 of the Dungeon.
You visited 1 branch of the dungeon, and saw 2 of its levels.

You collected 92 gold pieces.
You spent 39 gold pieces at shops.

Inventory:

Hand Weapons
 a - a +0 shortbow (weapon)
Missiles
 g - 4 javelins
Armour
 c - a +0 leather armour (worn)
Scrolls
 b - a scroll of butterflies
 h - a scroll of fear {unknown}
 k - a scroll of teleportation {unknown}
 l - a scroll of vulnerability {unknown}
 n - a scroll of enchant armour {unknown}
Potions
 d - 2 potions of attraction {unknown}
 e - a potion of enlightenment {unknown}
 f - a potion of invisibility {unknown}
 i - a potion of heal wounds {unknown}
 m - a potion of degeneration {unknown}
 o - a potion of brilliance {unknown}


   Skills:
 - Level 2.0 Fighting
 + Level 4.5 Ranged Weapons
 - Level 1.7 Dodging
 - Level 0.8 Stealth


You had one spell level left.
You didn't know any spells.
Your spell library was empty.

Dungeon Overview and Level Annotations

Branches:
Dungeon (2/15)

Altars:

Shops:
D:1 !

Annotations:
D:2 Sigmund


Innate Abilities, Weirdness & Mutations

You are partially covered in large bone plates. (SH +4)


Message History

You open the door.
Found a stone staircase leading up.
There is an open door here.
Sigmund the Dreaded comes into view.
He is wielding a +5 scythe of venom.
Sigmund is nearby!
You shoot an arrow.
The arrow hits Sigmund but does no damage.
Sigmund shouts!
You hear an angry hiss.
Sigmund gestures wildly while chanting.
Sigmund flickers and vanishes!
Deactivating autopickup; reactivate with Ctrl-A.
No target in view!
No target in view!
No target in view!
No target in view!
There is an open door here.
You see here a +0 quarterstaff.
Something tries to affect you, but you resist.
You are confused.
Non-targeted confused fire: a) +0 shortbow
Press: ? - help, Q - select action, (/) - cycle Dir - look around, f - activate
Okay, then.
You bump into the rock wall.
You bump into the rock wall.
You bump into the rock wall.
You bump into the rock wall.
Something hits you but does no damage.
You are poisoned.
You feel less confused.
You feel very sick.
You feel sick.
You are confused.
You're too confused to move!
You feel sick.
You bump into the rock wall.
You feel sick.
You're too confused to move!
You feel sick. Something hits you!
Ouch! That really hurt!
* * * LOW HITPOINT WARNING * * *
You are lethally poisoned!
You feel better. Something hits you!
Ouch! That really hurt!
You die...

###
###############.#
#<..............#
###############@#
#.# #{# #.# #.#
#.# #.# #.# #.#
#.# #.# #.# #.#


There were no monsters in sight!

Vanquished Creatures
  3 ball pythons
  2 bats (D:1)
  2 endoplasms (D:1)
  A giant cockroach (D:1)
  5 goblins
  A hobgoblin (D:1)
  3 kobolds (D:1)
  4 frilled lizards (D:1)
  3 rats (D:1)
24 creatures vanquished.

Notes
Turn   | Place    | Note
-------+----------+-------------------------------------------
     0 | D:1      | Malachi the Demonspawn Hunter began the quest for the Orb.
     0 | D:1      | Reached XP level 1. HP: 16/16 MP: 1/1
   191 | D:1      | Reached skill level 4 in Ranged Weapons
   225 | D:1      | Gained mutation: You are partially covered in large bone
                  | plates. (SH +4) [demonic ancestry]
   225 | D:1      | Reached XP level 2. HP: 22/22 MP: 2/2
   410 | D:1      | Found Xoibes's Distillery.
   415 | D:1      | Bought a potion of curing for 39 gold pieces
   783 | D:2      | Noticed Sigmund
   818 | D:2      | Slain by Sigmund

Illustrated notes

Levels and vault maps discovered:
D:1:      nagdon_arrival_double_spiral, layout_loops_ring, serial_shops,
          nicolae_shop_tiny_statue_garden
D:2:      layout_basic, uniq_sigmund

Skill      XL: |  1 |
---------------+----+-----
Ranged Weapons | 4 |  4.5
Fighting       | |  2.0
Dodging        | |  1.7
Stealth        | |  0.8

Action                     || total
---------------------------++-------
   Fire: Shortbow          ||    50
    Use: Potion            ||     1
 Armour: Leather armour    ||     8
  Dodge: Dodged            ||    12
  Block: Other             ||     6

Table legend: (Time is in decaauts)
 A = Elapsed time spent in this place.
 B = Non-inter-level travel time spent in this place.
 C = Inter-level travel time spent in this place.
 D = Time resting spent in this place.
 E = Time spent auto-exploring this place.
 F = Levels seen in this place.
 G = Mean time per level.
                   A        B        C        D        E       F      G
               +--------+--------+--------+--------+--------+-----+--------+
         Total |    829 |    800 |     29 |      0 |    645 |   2 |  414.5 |
       Dungeon |    829 |    800 |     29 |      0 |    645 |   2 |  414.5 |
               +--------+--------+--------+--------+--------+-----+--------+

Top non-repeatable levels by time:
     D:1: 722 daAuts
     D:2: 107 daAuts
